 Dungeon Crawl Stone Soup version 0.23-a0-642-g3120c2f (webtiles) character file.

98505 TheGoonsmith the Severer (level 15, -11/119 HPs)
             Began as a Demonspawn Gladiator on Dec 30, 2018.
             Was a Priest of Ru.
             Killed by divine providence
             ... invoked by Saint Roka
              (12 damage)
             ... on level 2 of the Orcish Mines.
             The game lasted 00:48:06 (23948 turns).

TheGoonsmith the Severer (Demonspawn Gladiator)    Turns: 23948, Time: 00:48:06

Health: -11/119    AC: 31    Str: 20    XL:     15   Next: 75%
Magic:  15/15      EV: 28    Int:  9    God:    Ru [***...]
Gold:   1837       SH:  0    Dex: 16    Spells: 14/14 levels left

rFire    . . .     SeeInvis .   a - +5 battleaxe (flame)
rCold    . . .     Gourm    .   (shield currently unavailable)
rNeg     . . .     Faith    .   l - +3 plate armour
rPois    +         Spirit   .   c - +2 helmet
rElec    .         Reflect  .   G - +2 cloak
rCorr    .         Harm     .   t - +2 pair of gloves
MR       +....                  T - +0 pair of boots {run}
Stlth    ..........             O - amulet of the acrobat
HPRegen  0.29/turn              L - +3 ring of evasion
MPRegen  0.14/turn              A - ring of poison resistance

@: exhausted, about to teleport, acrobat, hasted, drained, very quick
A: hooves 2, molten scales 2, foul stench 1, spiny 2, rot immunity, no stealth,
hated by all, no ice magic, no summoning magic, no transmutations magic
a: Draw Out Power, Renounce Religion


You were on level 2 of the Orcish Mines.
You worshipped Ru.
Ru was most pleased with you.
You were not hungry.

You visited 4 branches of the dungeon, and saw 21 of its levels.
You also visited: Ossuary and Volcano.

You collected 1837 gold pieces.

Inventory:

Hand Weapons
 a - a +5 battleaxe of flaming (weapon)
 b - a +1 longbow of velocity
 Q - a +0 executioner's axe
Missiles
 d - 5 throwing nets (quivered)
 S - 190 arrows
Armour
 c - a +2 helmet (worn)
 l - a +3 plate armour (worn)
 t - a +2 pair of gloves (worn)
 G - a +2 cloak (worn)
 T - a +0 pair of boots of running (worn)
Jewellery
 n - a +4 ring of evasion
 y - an uncursed ring of protection from cold
 A - a ring of poison resistance (right hand)
 L - a +3 ring of evasion (left hand)
 O - an amulet of the acrobat (around neck)
Wands
 m - a wand of polymorph (10)
 o - a wand of flame (40)
 p - a wand of iceblast (23)
 q - a wand of random effects (46)
 v - a wand of paralysis (8)
 B - a wand of disintegration (14)
Scrolls
 g - 5 scrolls of teleportation
 i - 4 scrolls of amnesia
 k - 8 scrolls of remove curse
 r - 4 scrolls of identify
 D - a scroll of magic mapping
 U - 2 scrolls of blinking
 Y - a scroll of silence
Potions
 e - 4 potions of haste
 h - 4 potions of berserk rage
 j - 3 potions of magic
 s - 4 potions of lignification
 w - 5 potions of curing
 x - 3 potions of resistance
 z - 2 potions of brilliance
 E - a potion of ambrosia
 F - 3 potions of cancellation
 I - 4 potions of flight
 J - a potion of heal wounds
 K - 3 potions of mutation
 P - 3 potions of invisibility
 V - 2 potions of might
Miscellaneous
 Z - a lightning rod (4/4)
Comestibles
 f - 43 rations
 u - 2 chunks of flesh


   Skills:
 + Level 11.5(11.1) Fighting
 + Level 15.7(15.3) Axes
 + Level 11.1(10.7) Bows
 - Level 1.7(1.4) Throwing
 + Level 9.0(8.6) Armour
 + Level 7.5(7.1) Dodging


You had 14 spell levels left.
You didn't know any spells.
Your spell library contained the following spells:

 Spells                   Type           Power        Failure   Level  Hunger
 Poisonous Vapours        Pois/Air       #.....       100%        2    ###....
 Conjure Flame            Conj/Fire      #.......     100%        3    ####...
 Mephitic Cloud           Conj/Pois/Air  #.......     100%        3    ####...
 Leda's Liquefaction      Hex/Erth       #.........   100%        4    #####..
 Bolt of Magma            Conj/Fire/Erth #.........   100%        5    ######.
 Iron Shot                Conj/Erth      #.........   100%        6    #######
 Ring of Flames           Chrm/Fire      #.........   100%        7    #######
 Shatter                  Erth           #.........   100%        9    #######
 Beastly Appendage        Tmut           Unusable     N/A         1    N/A
 Summon Small Mammal      Summ           Unusable     N/A         1    N/A
 Call Imp                 Summ           Unusable     N/A         2    N/A
 Sticks to Snakes         Tmut           Unusable     N/A         2    N/A
 Call Canine Familiar     Summ           Unusable     N/A         3    N/A
 Spider Form              Tmut/Pois      Unusable     N/A         3    N/A
 Summon Guardian Golem    Hex/Summ       Unusable     N/A         3    N/A
 Ice Form                 Ice/Tmut       Unusable     N/A         4    N/A
 Summon Ice Beast         Ice/Summ       Unusable     N/A         4    N/A
 Summon Lightning Spire   Summ/Air       Unusable     N/A         4    N/A
 Blade Hands              Tmut           Unusable     N/A         5    N/A
 Freezing Cloud           Conj/Ice/Air   Unusable     N/A         6    N/A
 Statue Form              Tmut/Erth      Unusable     N/A         6    N/A

Dungeon Overview and Level Annotations

Branches:
Dungeon (12/15)            Temple (1/1) D:5            Lair (6/6) D:11
 Shoals (0/4) Lair:4        Snake (0/4) Lair:4        Slime (0/5) Lair:5
    Orc (2/2) D:12            Elf (0/3) Orc:2

Altars:
Ashenzari
Cheibriados
Dithmenos
Elyvilon
Fedhas
Gozag
Hepliaklqana
Kikubaaqudgha
Makhleb
Nemelex Xobeh
Okawaru
Qazlal
Ru
Sif Muna
Trog
Uskayaw
Vehumet
Wu Jian
Xom
Yredelemnul
Zin
The Shining One
Jiyva

Shops:
D:9 }   Orc:1 %   Orc:2 :

Annotations:
Orc:2 Saint Roka


Innate Abilities, Weirdness & Mutations

You have hoof-like feet.
You are mostly covered in molten scales. (AC +3)
You may emit foul miasma when damaged in melee.
You are mostly covered in sharp spines.
You are immune to rotting.
You cannot be stealthy.
You are hated by all.
You cannot study or cast Ice magic.
You cannot study or cast Summoning magic.
You cannot study or cast Transmutations magic.


Message History

Unknown command.
As you read the scroll of teleportation, it crumbles to dust.
You feel strangely unstable.
The orc wizard begins to cast a spell, but is stunned by your will!
Saint Roka is stunned by your will and fails to attack.
The orc warrior hits you with a +0 scimitar!!
* * * LOW HITPOINT WARNING * * *
The orc warrior looks sick.
An orc warrior comes into view. It is wielding a +0 glaive.
The orc warrior moves out of view.
The orc no longer looks unusually strong.
The orc warrior no longer looks unusually strong.
Saint Roka mumbles some strange prayers to Beogh against you.
Beogh smites you!
* * * LOW HITPOINT WARNING * * *
The orc wizard mumbles some strange words.
The orc wizard seems to speed up.
Saint Roka calls down the wrath of Beogh upon you.
Beogh smites you!
You die...

......##.## #...#....#.#
.....o(...### ##...))..8#.#
.o...o.T.##.###....######.#
#o)o)#....#...........#
##oo.(#......#.#......#
##.o.{.#.#.###......##
.##.#.....######.∩.###
...........(^.###....#
##...#...@.....#....##
##.................#
#.............#..######
##.#...............##.##
#...#.#.#....#........#
#......#....#..........
#.......#.............#
#..........##..........
..............#####..)


You could see Saint Roka, a troll, 3 orc warriors, an orc wizard and 2 orcs.

Vanquished Creatures
  Gastronok (D:11)
  An orc warlord (D:12)
  The ghost of Capt the Carver, a journeyman HOAK of Lugonu (Lair:2)
  A fire dragon (Lair:6)
  5 hydras
  The ghost of Sagouq the Thaumaturge, a journeyman OpWn of Vehumet (Lair:1)
  A catoblepas (Lair:4)
  4 death yaks
  A two-headed ogre (Orc:2)
  Urug (D:11)
  A fire crab (Volcano)
  An unseen horror (D:11)
  Pikel (D:4)
  An orc knight (Orc:1)
  2 lindwurms
  An ugly thing (D:12)
  7 black mambas
  9 elephants
  4 molten gargoyles
  A rime drake (Lair:2)
  11 spiny frogs
  15 komodo dragons
  4 trolls
  A hornet (D:11)
  A polar bear (Lair:6)
  13 blink frogs
  10 hippogriffs
  7 dream sheep (Lair:5)
  A snapping turtle (Lair:4)
  4 wyverns
  47 yaks
  2 spriggans (Lair:1)
  A wraith (D:12)
  A human (D:10)
  3 basilisks (Lair:6)
  9 fire bats (Volcano)
  A hungry ghost (D:11)
  3 vampire mosquitoes (D:12)
  3 steam dragons
  6 wargs
  3 nagas (Lair:4)
  16 water moccasins
  4 hell hounds
  12 porcupines
  2 sky beasts
  An eye of draining (D:10)
  An ice beast (D:11)
  5 black bears
  4 slaves (D:4)
  19 orc warriors
  5 phantoms
  8 ogres
  33 wolves
  5 centaurs
  7 crocodiles
  15 bullfrogs
  A wyvern zombie (Ossuary)
  A water moccasin zombie (Ossuary)
  A scorpion (D:9)
  2 wyvern skeletons
  26 killer bees
  4 wights (D:6)
  2 vampire bats (D:5)
  6 howler monkeys
  2 electric eels
  7 crimson imps
  A bullfrog zombie (D:5)
  2 jellies
  10 lava snakes
  13 orc priests
  Crazy Yiuf (D:4)
  4 centaur zombies
  3 hounds
  27 orc wizards
  2 centaur skeletons
  13 iguanas
  Natasha (thrice) (D:2)
  2 hell rats (Lair:2)
  4 worker ants
  2 killer bee zombies (Ossuary)
  3 hound zombies
  4 hound skeletons
  12 mummies (Ossuary)
  5 worker ant zombies
  A howler monkey skeleton (D:5)
  13 adders
  8 gnolls
  10 river rats (Lair:2)
  2 shadow imps
  An ooze (D:5)
  4 adder zombies
  3 adder skeletons
  2 worms (D:2)
  A dart slug (D:5)
  9 leopard geckos
  83 orcs
  3 ball pythons
  A bat skeleton (D:5)
  4 bat zombies (D:5)
  5 giant cockroaches
  6 goblins
  3 hobgoblins
  6 kobolds
  5 quokkas
  6 bats
  4 frilled lizards
  A giant cockroach zombie (Ossuary)
  2 jackal zombies (Ossuary)
  A leopard gecko skeleton (D:5)
  A leopard gecko zombie (Ossuary)
  2 quokka skeletons
  3 quokka zombies
  7 rats
  8 fungi
  5 plants
701 creatures vanquished.

Vanquished Creatures (others)
  An ettin (Orc:1)
  A komodo dragon (Lair:1)
  2 yaks
  An ogre (D:10)
  A wolf (Lair:6)
  A scorpion (D:4)
  A worker ant zombie (D:6)
  19 fungi
  12 plants
  4 withered plants (Ossuary)
43 creatures vanquished.

Grand Total: 744 creatures vanquished

Notes
Turn   | Place    | Note
-------+----------+-------------------------------------------
     0 | D:1      | TheGoonsmith the Demonspawn Gladiator began the quest for
                  | the Orb.
     0 | D:1      | Reached XP level 1. HP: 16/16 MP: 1/1
   213 | D:1      | Reached skill level 3 in Axes
   237 | D:1      | Gained mutation: You are partially covered in sharp spines.
                  | [demonic ancestry]
   237 | D:1      | Reached XP level 2. HP: 22/22 MP: 2/2
  1034 | D:2      | Found a sacrificial altar of Ru.
  1044 | D:2      | Became a worshipper of Ru the Awakened
  1092 | D:2      | Gained mutation: You are immune to rotting. [demonic
                  | ancestry]
  1092 | D:2      | Reached XP level 3. HP: 18/28 MP: 3/3
  1719 | D:2      | Noticed Natasha
  1726 | D:2      | Killed Natasha
  1726 | D:2      | Reached skill level 4 in Axes
  1726 | D:2      | Reached XP level 4. HP: 25/35 MP: 4/4
  1834 | D:2      | Noticed Natasha
  1843 | D:2      | Killed Natasha
  2078 | D:2      | Noticed Natasha
  2090 | D:2      | Killed Natasha
  2090 | D:2      | Gained mutation: You have large cloven feet. [demonic
                  | ancestry]
  2090 | D:2      | Reached XP level 5. HP: 17/41 MP: 5/5
  2954 | D:3      | Found a shadowy altar of Dithmenos.
  3032 | D:3      | Reached skill level 5 in Axes
  3442 | D:4      | Noticed an ogre
  3451 | D:4      | Killed an ogre
  3451 | D:4      | Reached XP level 6. HP: 40/48 MP: 6/6
  3724 | D:4      | Noticed Pikel
  3724 | D:4      | Noticed a slave
  3724 | D:4      | Noticed a slave
  3731 | D:4      | Reached skill level 6 in Axes
  3733 | D:4      | Noticed a slave
  3740 | D:4      | Killed a slave
  3741 | D:4      | Killed Pikel
  3741 | D:4      | Reached skill level 5 in Fighting
  3741 | D:4      | Reached skill level 7 in Axes
  3741 | D:4      | Gained mutation: You are mostly covered in sharp spines.
                  | [demonic ancestry]
  3741 | D:4      | Reached XP level 7. HP: 23/56 MP: 7/7
  3953 | D:4      | Found a sand-covered staircase.
  3960 | Ossuary  | Entered an ossuary
  3981 | Ossuary  | Reached XP level 8. HP: 56/63 MP: 8/8
  4000 | Ossuary  | Reached skill level 8 in Axes
  4156 | Ossuary  | Reached skill level 1 in Armour
  4705 | D:4      | Found a runed door.
  5051 | D:4      | Noticed Crazy Yiuf
  5069 | D:4      | Killed Crazy Yiuf
  5164 | D:5      | Entered Level 5 of the Dungeon
  5219 | D:5      | Found a staircase to the Ecumenical Temple.
  5235 | D:5      | Gained mutation: You are hated by all. [Ru sacrifice]
  5235 | D:5      | Reached * piety under Ru
  5315 | Temple   | Entered the Ecumenical Temple
  5926 | D:5      | Gained mutation: You may emit foul miasma when damaged in
                  | melee. [demonic ancestry]
  5926 | D:5      | Reached XP level 9. HP: 71/71 MP: 9/9
  6249 | D:5      | Found an ancient bone altar of Kikubaaqudgha.
  6438 | D:6      | Reached skill level 9 in Axes
  6573 | D:6      | Found Xisiung's Antique Armour Boutique.
  6837 | D:6      | Got a twisted quarterstaff
  6838 | D:6      | Identified the +1 quarterstaff of Itonie Moaf {crush, rElec
                  | rF- Str+6} (You found it on level 6 of the Dungeon)
  7063 | D:6      | Got a jewelled scale mail
  7064 | D:6      | Identified the +1 scale mail "Vepp" {rN+} (You found it on
                  | level 6 of the Dungeon)
  7077 | D:6      | Found a blossoming altar of Fedhas.
  7502 | D:7      | Found an ornate altar of the Wu Jian Council.
  7876 | D:7      | Gained mutation: You cannot study or cast Ice magic. [Ru
                  | sacrifice]
  7876 | D:7      | Gained mutation: You cannot study or cast Transmutations
                  | magic. [Ru sacrifice]
  7876 | D:7      | Gained mutation: You cannot study or cast Summoning magic.
                  | [Ru sacrifice]
  7876 | D:7      | Reached ** piety under Ru
  7981 | D:8      | Reached skill level 5 in Armour
  8339 | D:8      | Reached skill level 10 in Axes
  9854 | D:9      | Gained mutation: You are partially covered in molten
                  | scales. (AC +2) [demonic ancestry]
  9854 | D:9      | Reached XP level 10. HP: 74/79 MP: 10/10
  9865 | D:9      | Reached skill level 1 in Bows
 10633 | D:9      | Found Vagiz's Gadget Shop.
 10721 | D:10     | Entered Level 10 of the Dungeon
 10790 | D:10     | Gained mutation: You cannot be stealthy. [Ru sacrifice]
 10790 | D:10     | Reached *** piety under Ru
 11968 | D:11     | Noticed Urug
 11982 | D:11     | Noticed Gastronok
 11996 | D:11     | Killed Urug
 11996 | D:11     | Reached skill level 5 in Dodging
 11996 | D:11     | Gained mutation: You have hoof-like feet. [demonic
                  | ancestry]
 11996 | D:11     | Reached XP level 11. HP: 62/87 MP: 11/11
 12006 | D:11     | Killed Gastronok
 12006 | D:11     | Reached skill level 11 in Axes
 12402 | D:11     | Found a staircase to the Lair.
 12445 | D:11     | Killed an unseen horror
 12670 | Lair:1   | Entered Level 1 of the Lair of Beasts
 12703 | Lair:1   | Noticed a four-headed hydra
 12711 | Lair:1   | Killed a one-headed hydra
 12761 | Lair:1   | Reached skill level 10 in Fighting
 12807 | Lair:1   | Identified 2 scrolls of acquirement
 12857 | Lair:1   | Reached skill level 12 in Axes
 12953 | Lair:1   | Found a runed door.
 12953 | Lair:1   | Identified the +5 trident of the Unseen Realm {freeze, +Inv
                  | +Fly rC-}
 12953 | Lair:1   | Noticed Sagouq's ghost (journeyman OpWn)
 13092 | Lair:1   | Reached skill level 5 in Bows
 13230 | Lair:1   | Gained mutation: You are mostly covered in molten scales.
                  | (AC +3) [demonic ancestry]
 13230 | Lair:1   | Reached XP level 12. HP: 97/97 MP: 12/12
 13704 | Lair:1   | Killed Sagouq's ghost
 14019 | Lair:2   | Found a runed gate.
 14019 | Lair:2   | Found a runed gate.
 14038 | Lair:2   | Noticed Capt's ghost (journeyman HOAK)
 14040 | Lair:2   | Found a runed gate.
 14204 | Lair:2   | Reached skill level 13 in Axes
 14734 | Lair:2   | Killed Capt's ghost
 15005 | Lair:3   | Found a dark tunnel.
 15014 | Volcano  | Entered a volcano
 15352 | Volcano  | Found a burning altar of Makhleb.
 15845 | Lair:3   | Identified a +0 pair of boots of running (You found it in a
                  | volcano)
 16127 | Lair:3   | Reached XP level 13. HP: 103/103 MP: 13/13
 16205 | Lair:3   | Got a faintly glowing war axe
 16206 | Lair:3   | Identified the +6 war axe of Nemelex Xobeh's Whim {flame,
                  | rPois rN+ Int-3 Stlth+} (You found it on level 3 of the
                  | Lair of Beasts)
 16738 | Lair:4   | Reached skill level 14 in Axes
 17027 | Lair:4   | Found a staircase to the Snake Pit.
 17206 | Lair:4   | Found a staircase to the Shoals.
 17843 | Lair:5   | Reached skill level 10 in Bows
 18294 | Lair:5   | Reached skill level 15 in Axes
 19030 | Lair:5   | Found a viscous altar of Jiyva.
 19030 | Lair:5   | Found a staircase to the Slime Pits.
 19472 | Lair:6   | Entered Level 6 of the Lair of Beasts
 19597 | Lair:6   | Found a snail-covered altar of Cheibriados.
 19673 | Lair:6   | Reached XP level 14. HP: 111/111 MP: 14/14
 21037 | Lair:6   | Found a large runed door.
 21038 | Lair:6   | Found a large runed door.
 21663 | D:12     | Found a staircase to the Orcish Mines.
 22422 | Orc:1    | Entered Level 1 of the Orcish Mines
 22424 | Orc:1    | Noticed an orc warlord
 22458 | D:12     | Killed an orc warlord
 22819 | Orc:1    | Found Taadghe's Food Emporium.
 22868 | Orc:1    | Reached XP level 15. HP: 106/119 MP: 15/15
 23477 | Orc:2    | Entered Level 2 of the Orcish Mines
 23631 | Orc:2    | Found a staircase to the Elven Halls.
 23854 | Orc:2    | Found Xedialuweoh's Book Emporium.
 23928 | Orc:2    | Noticed Saint Roka
 23947 | Orc:2    | HP: 1/119 [Saint Roka/divine providence (11)]
 23948 | Orc:2    | Killed from afar by Saint Roka

Vault maps used:
D:1:      onia_arrival_handbag
D:2:      hangedman_ru_absence, uniq_natasha
D:3:      grunt_dithmenos_smoke_and_mirrors
D:4:      serial_forest, infiniplex_forest_straight_1,
          infiniplex_forest_clump_double, infiniplex_forest_lined_room_2,
          infiniplex_forest_lined_3, infiniplex_forest_corner_1,
          infiniplex_forest_lined_corner, chequers_ossuary_entry_cave,
          minmay_misc_feat_alley, uniq_pikel, uniq_crazy_yiuf_cottage
D:5:      kennysheep_vampire_church, minmay_temple_entry_tees, first_ration
D:6:      fedhas_altar_4, serial_shops, shop
D:7:      lemuel_round_altar
D:9:      serial_shops, nicolae_shop_window_shopping
D:10:     grunt_pizzeria
D:11:     due_lair_maze_entry_diamond, uniq_urug, uniq_gastronok
D:12:     minmay_orc_entry_guard_dogs
Temple:   hc_temple_tempest_star
Lair:1:   ebering_ghost_funeral_grove, grunt_megastairs_5
Lair:2:   ebering_ghost_rock_garden, kennysheep_rathole, lemuel_fruit_tree
Lair:3:   beast_lair_carwin_large_3, nicolae_volcano_entry_two_sided
Lair:4:   minmay_shoals_entry_hut, guppyfry_snake_entry_island,
          infiniplex_staircase_pool_2
Lair:5:   statuecave_lemuel, dpeg_slime_entry_enclosed_altar
Lair:6:   cheibrodos_lair_end_hotspot, basic_altar,
          eino_small_chamber_without_monster, grunt_forest_large_clearings
Orc:1:    serial_shops, shop_coins
Orc:2:    grunt_orc_community_town_hall, grunt_orc_community_big_house_2,
          grunt_orc_community_big_house_1, grunt_orc_community_house_1,
          grunt_orc_community_house_3, grunt_orc_community_house_3,
          grunt_orc_community_house_2, serial_shops, shop, uniq_saint_roka
Ossuary:  ossuary_zaba_flooded
Volcano:  volcano_lake

Skill      XL: |  1  2  3  4  5  6  7  8  9 10 11 12 13 14 15 |
---------------+----------------------------------------------+-----
Axes           | 3 4 5 7 8 10 12 13 15 | 15.7
Fighting       | 3 4 5 6 7 8 10 11 | 11.5
Armour         | 3 5 6 7 8 9 |  9.0
Dodging        | 3 5 7 |  7.5
Bows           | 3 5 8 10 11 | 11.1
Throwing       | |  1.7

Action                   |  1- 3 |  4- 6 |  7- 9 | 10-12 | 13-15 || total
-------------------------+-------+-------+-------+-------+-------++-------
Melee: War axe           |    69 |    85 |   240 |       |       ||   394
       Kick              |       |    17 |    92 |    47 |       ||   156
       Executioner's axe |       |       |    28 |   338 |       ||   366
       Double sword      |       |       |       |     4 |       ||     4
       Battleaxe         |       |       |       |    15 |   417 ||   432
 Fire: Hunting sling     |     8 |    65 |   156 |       |       ||   229
       Shortbow          |       |       |    12 |   165 |       ||   177
       Longbow           |       |       |       |   122 |   309 ||   431
Invok: Sacrifice Love    |       |       |     1 |       |       ||     1
       Sacrifice Arcana  |       |       |     1 |       |       ||     1
       Sacrifice Stealth |       |       |       |     1 |       ||     1
       Reject Sacrifices |       |       |       |     1 |     2 ||     3
       Draw Out Power    |       |       |       |       |     1 ||     1
 Abil: Stop Flying       |       |       |       |     1 |       ||     1
  Use: Potion            |     1 |       |       |     2 |     2 ||     5
       Scroll            |       |    11 |    14 |    12 |     8 ||    45
 Stab: Sleeping          |     1 |       |       |       |       ||     1
       Distracted        |       |       |     1 |     2 |     2 ||     5
  Eat: Chunk             |     2 |     7 |    12 |    13 |    20 ||    54
       Ration            |       |       |     2 |     3 |     1 ||     6
Armor: Leather armour    |    15 |    19 |       |       |       ||    34
       Chain mail        |       |    22 |   127 |       |       ||   149
       Scale mail        |       |       |    45 |    52 |       ||    97
       Plate armour      |       |       |       |   214 |   301 ||   515
Dodge: Dodged            |    48 |    59 |   139 |   321 |   278 ||   845

Table legend:
 A = Non-vault XP
 B = Vault XP
 C = Vault XP percentage of total XP
 D = Non-vault monster count
 E = Vault monster count
 F = Vault count percentage of total count
                 A         B        C        D         E       F
            +---------+---------+-------+---------+---------+-------
      Total |   65175 |   29056 |  30.8 |     519 |     172 |  24.9
            +---------+---------+-------+---------+---------+-------
        D:1 |      21 |       5 |  19.2 |       6 |       4 |  40.0
        D:2 |     177 |      35 |  16.5 |      24 |       1 |   4.0
        D:3 |     129 |       0 |   0.0 |      20 |       0 |   0.0
        D:4 |     341 |     693 |  67.0 |      22 |       2 |   8.3
        D:5 |     894 |     122 |  12.0 |      32 |       7 |  17.9
        D:6 |     774 |       0 |   0.0 |      19 |       0 |   0.0
        D:7 |     254 |       0 |   0.0 |       5 |       0 |   0.0
        D:8 |    1120 |       0 |   0.0 |      23 |       0 |   0.0
        D:9 |    2752 |       0 |   0.0 |      41 |       0 |   0.0
       D:10 |    1679 |     202 |  10.7 |      40 |       1 |   2.4
       D:11 |    2478 |    4527 |  64.6 |      19 |      12 |  38.7
       D:12 |    5074 |     678 |  11.8 |      29 |       4 |  12.1
     Lair:1 |    6422 |    2195 |  25.5 |      28 |       7 |  20.0
     Lair:2 |    3501 |    1389 |  28.4 |      18 |      14 |  43.8
     Lair:3 |    2546 |    1638 |  39.1 |      14 |      10 |  41.7
     Lair:4 |    9066 |     724 |   7.4 |      32 |       4 |  11.1
     Lair:5 |   12703 |       0 |   0.0 |      41 |       0 |   0.0
     Lair:6 |    8870 |   11367 |  56.2 |      29 |      49 |  62.8
      Orc:1 |    4794 |       0 |   0.0 |      50 |       0 |   0.0
      Orc:2 |    1580 |     255 |  13.9 |      27 |       5 |  15.6
    Ossuary |       0 |     715 | 100.0 |       0 |      32 | 100.0
    Volcano |       0 |    4511 | 100.0 |       0 |      20 | 100.0
            +---------+---------+-------+---------+---------+-------
